 Dungeon Crawl Stone Soup version 0.31-a0-37-g98a128e1d9 (webtiles) character file.

Game seed: 1095312819905632925

458 Nedwor the Cutter (level 6, 0/48 HPs)
             Began as a Demonspawn Gladiator on May 15, 2023.
             Slain by an ufetubus (3 damage)
             ... on level 4 of the Dungeon.
             The game lasted 00:04:18 (2933 turns).

Nedwor the Cutter (Demonspawn Gladiator)            Turns: 2933, Time: 00:04:19

Health: 0/48       AC: 12    Str: 16    XL:     6   Next: 77%
Magic:  6/6        EV:  8    Int: 10    God:
Gold:   121        SH:  0    Dex: 14    Spells: 5/5 levels left

rFire   . . .        a - +0 rapier
rCold   . . .        (no shield)
rNeg    . . .        h - +0 chain mail
rPois   .            (helmet restricted)
rElec   .            i - +2 cloak
rCorr   .            (no gloves)
SInv    .            (no boots)
Will    .....        (no amulet) Stlth
                     (no ring)
HPRegen 0.28/turn    (no ring)
MPRegen 0.10/turn

%: no passive effects
@: no status effects
A: horns 1, weakness stinger 2
a: no special abilities


You were on level 4 of the Dungeon.
You visited 1 branch of the dungeon, and saw 5 of its levels.

You collected 121 gold pieces.

Inventory:

Hand Weapons
 a - a +0 rapier (weapon)
Armour
 h - a +0 chain mail (worn)
 i - a +2 cloak (worn)
Scrolls
 d - a scroll of torment {unknown}
 p - a scroll of teleportation
Potions
 b - a potion of mutation {unknown}
 c - a potion of curing {unknown}
 k - 2 potions of invisibility


   Skills:
 + Level 3.7 Fighting
 * Level 4.9 Short Blades
 - Level 1.7 Throwing
 + Level 2.6 Armour
 + Level 3.9 Dodging


You had 5 spell levels left.
You didn't know any spells.
Your spell library contained the following spells:

 Spells                   Type           Power      Damage    Failure   Level
 Apportation              Tloc           0%         N/A       99%         1
 Necrotise                Necr           0%         1d4       99%         1
 Summon Small Mammal      Summ           0%         N/A       99%         1


Dungeon Overview and Level Annotations

Branches:
Dungeon (5/15)
 Temple: D:4-7

Altars:
Ashenzari
Dithmenos
Fedhas
Makhleb


Innate Abilities, Weirdness & Mutations

You have a pair of small horns on your head.
You have a tail ending in a sharp stinger.


Message History

You hit the ufetubus. Your headbutt misses the ufetubus.
The ufetubus is lightly wounded.
The ufetubus hits you but does no damage. x2
The adder bites you but does no damage. The ufetubus hits you.
* * * LOW HITPOINT WARNING * * *
The ufetubus hits you.
* * * LOW HITPOINT WARNING * * *
The adder bites you but does no damage.
You hit the adder. You headbutt the adder.
The adder is severely wounded.
The ufetubus barely misses you. The ufetubus closely misses you.
The adder closely misses you.
You hit the adder.
The adder is severely wounded.
The ufetubus closely misses you. The ufetubus hits you.
* * * LOW HITPOINT WARNING * * *
The adder barely misses you. The ufetubus barely misses you.
The ufetubus hits you but does no damage.
You miss the adder.
Your tail-slap misses the adder.
The adder is severely wounded.
The adder closely misses you.
The ufetubus hits you but does no damage.
The ufetubus barely misses you.
You puncture the adder!
You kill the adder!
The ufetubus hits you but does no damage.
The ufetubus barely misses you. x2; The ufetubus completely misses you.
The ufetubus hits you but does no damage. x2
You see here an adder corpse.
The ufetubus barely misses you.
The ufetubus hits you but does no damage.
The ufetubus closely misses you. The ufetubus barely misses you.
The ufetubus hits you.
* * * LOW HITPOINT WARNING * * *
The ufetubus hits you but does no damage.
There is a stone staircase leading down here.
You hit the ufetubus.
The ufetubus is moderately wounded.
The ufetubus hits you.
You die...

#### ####.#.##
#.#.....#
##.@.....## #
#..5†.....#
#.#.........###
##.##...........
..........[.... ##
#.#....$.......
##..##.##....)......
#...#...#...........
#....#..............


You could see an ufetubus.

Vanquished Creatures
  Grinder (D:3)
  A scorpion (D:4)
  Crazy Yiuf (D:3)
  2 iguanas (D:4)
  A sleepcap (D:4)
  2 adders
  A gnoll (D:4)
  A dart slug (D:3)
  An orc (D:3)
  5 bats
  9 endoplasms
  7 giant cockroaches
  10 goblins
  6 hobgoblins
  2 jackals (D:3)
  9 kobolds
  3 quokkas
  6 ball pythons
  5 frilled lizards
  7 rats
80 creatures vanquished.

Notes
Turn   | Place    | Note
-------+----------+-------------------------------------------
     0 | D:1      | Nedwor the Demonspawn Gladiator began the quest for the
                  | Orb.
     0 | D:1      | Reached XP level 1. HP: 16/16 MP: 1/1
   178 | D:1      | Discovered your monstrous ancestry.
   178 | D:1      | Gained mutation: You have a small tail. [demonic ancestry]
   178 | D:1      | Reached XP level 2. HP: 22/22 MP: 2/2
   327 | D:1      | Reached skill level 3 in Short Blades
   928 | D:2      | Reached XP level 3. HP: 21/28 MP: 3/3
   986 | D:2      | Reached skill level 1 in Armour
  1589 | D:3      | Gained mutation: You have a pair of small horns on your
                  | head. [demonic ancestry]
  1589 | D:3      | Reached XP level 4. HP: 32/34 MP: 4/4
  1659 | D:3      | Found a runed translucent door.
  1660 | D:3      | Noticed Crazy Yiuf
  1674 | D:3      | Killed Crazy Yiuf
  1677 | D:3      | HP: 1/34 [poisoned by Crazy Yiuf]
  1908 | D:3      | Identified the +4 hammer "Usakut" {venom, rF++}
  2006 | D:3      | Found a faded altar of an unknown god.
  2059 | D:3      | Found a burning altar of Makhleb.
  2059 | D:3      | Noticed a blizzard demon
  2062 | D:3      | Noticed a neqoxec
  2062 | D:3      | Noticed a ynoxinul
  2242 | D:3      | Noticed Grinder
  2277 | D:3      | Killed Grinder
  2278 | D:3      | Reached skill level 4 in Short Blades
  2278 | D:3      | Gained mutation: You have a tail ending in a sharp stinger.
                  | [demonic ancestry]
  2278 | D:3      | Reached XP level 5. HP: 24/41 MP: 5/5
  2278 | D:3      | Reached XP level 6. HP: 28/47 MP: 6/6
  2640 | D:4      | Found a blossoming altar of Fedhas.
  2779 | D:4      | Found a shadowy altar of Dithmenos.
  2828 | D:4      | Found a broken altar of Ashenzari.
  2913 | D:5      | Entered Level 5 of the Dungeon
  2933 | D:4      | Slain by an ufetubus

Illustrated notes

Levels and vault maps discovered:
D:1:      lightli_arrival_quake, layout_basic
D:2:      layout_basic, kennysheep_generic_room_5
D:3:      layout_rooms, makhleb_altar_promises_db,
          ebering_ecumenical_altar_petrified, uniq_grinder,
          uniq_crazy_yiuf_cottage
D:4:      layout_cave_pools, lemuel_doored_altar, nicolae_ashenzari_skybound,
          kennysheep_little_box, fedhas_altar_1
D:5:      layout_rooms, regret_index_temple_of_mockery

Skill      XL: |  1  2  3  4 |
---------------+-------------+-----
Short Blades   | 3 4 |  4.9
Armour         | 1 2 |  2.6
Dodging        | 3 |  3.9
Fighting       | 3 |  3.7
Throwing       | |  1.7

Action                     |  1- 3 |  4- 6 || total
---------------------------+-------+-------++-------
  Melee: Rapier            |   135 |   106 ||   241
         Tailslap          |    15 |    12 ||    27
         Headbutt          |       |    23 ||    23
         Punch             |       |     2 ||     2
    Use: Scroll            |       |     8 ||     8
         Potion            |       |     1 ||     1
 Armour: Leather armour    |     5 |       ||     5
         Chain mail        |    66 |    93 ||   159
  Dodge: Dodged            |    71 |    80 ||   151

Table legend: (Time is in decaauts)
 A = Elapsed time spent in this place.
 B = Non-inter-level travel time spent in this place.
 C = Inter-level travel time spent in this place.
 D = Time resting spent in this place.
 E = Time spent auto-exploring this place.
 F = Levels seen in this place.
 G = Mean time per level.
                   A        B        C        D        E       F      G
               +--------+--------+--------+--------+--------+-----+--------+
         Total |   2937 |   2814 |    123 |    230 |   2004 |   5 |  587.4 |
       Dungeon |   2937 |   2814 |    123 |    230 |   2004 |   5 |  587.4 |
               +--------+--------+--------+--------+--------+-----+--------+

Top non-repeatable levels by time:
     D:3: 1029 daAuts
     D:1: 691 daAuts
     D:2: 690 daAuts
     D:4: 520 daAuts
     D:5: 5 daAuts
